 Dungeon Sprint DCSS version 0.29-a0-1009-g60c99734e7 (webtiles) character file.

Game seed: 16041412812782122846

1207 Hubris850 the Brawler (level 8, 0/79 HPs)
             Began as a Troll Berserker on Aug 8, 2022.
             Was a High Priest of Trog.
             Slain by a two-headed ogre
             ... wielding a +0 giant club
              (12 damage)
             ... in the Dungeon (Sprint IX: "|||||||||||||||||||||||||||||").
             The game lasted 00:02:22 (195 turns).

Hubris850 the Brawler (Troll Berserker)              Turns: 195, Time: 00:02:24

Health: 0/79       AC:  5    Str: 29    XL:     8   Next: 21%
Magic:  7/7        EV: 13    Int:  3    God:    Trog [*****.]
Gold:   0          SH:  0    Dex: 11    Spells: 7/7 levels left

rFire   . . .      SeeInvis .   j - +2 morningstar (protect)
rCold   . . .      Faith    .   (no shield)
rNeg    . . .      Spirit   .   a - +0 animal skin
rPois   .          Reflect  .   (helmet restricted)
rElec   .          Harm     .   k - +0 cloak
rCorr   .          Rampage  .   (gloves unavailable)
Will    .....      NoTele   +   (boots unavailable)
Stlth   +.........              (no amulet)
HPRegen 1.03/turn               l - +3 ring of strength
MPRegen 0.10/turn               m - +2 ring of evasion

@: slowed, very slow
A: large, unfitting armour, claws 3, regeneration 1, shaggy fur 1, tough skin 1
a: Renounce Religion, Berserk, Trog's Hand, Brothers in Arms


You were in the Dungeon.
You worshipped Trog.
Trog was extremely pleased with you.
You visited 1 branch

Inventory:

Hand Weapons
 j - a +2 morningstar of protection (weapon)
Armour
 a - a +0 animal skin (worn)
 k - a +0 cloak (worn)
Jewellery
 l - a +3 ring of strength (left claw)
 m - a +2 ring of evasion (right claw)
Wands
 i - a wand of acid (10)
Scrolls
 g - 2 scrolls of blinking
Potions
 b - 5 potions of curing
 d - a potion of haste
 e - 4 potions of magic
 f - a potion of berserk rage
 h - a potion of invisibility


   Skills:
 - Level 4.6 Fighting
 + Level 3.5 Maces & Flails
 - Level 4.6 Dodging
 - Level 16.3 Unarmed Combat


You had 7 spell levels left.
You didn't know any spells.
Your spell library was empty.

Dungeon Overview and Level Annotations

Branches:
Dungeon (1/1)

Altars:
Cheibriados
Dithmenos
Elyvilon
Fedhas
Gozag
Hepliaklqana
Kikubaaqudgha
Makhleb
Nemelex Xobeh
Okawaru
Qazlal
Ru
Sif Muna
Trog
Uskayaw
Vehumet
Wu Jian
Xom
Yredelemnul
Zin
The Shining One
Jiyva
Lugonu


Innate Abilities, Weirdness & Mutations

You are too large for most types of armour.
You have claws for hands.
Your natural rate of healing is unusually fast.
You are covered in fur. (AC +1)
You have tough skin. (AC +1)


Message History

The wraith completely misses you. The wraith hits you but does no damage.
The deep elf pyromancer mumbles some strange words.
The deep elf pyromancer blinks!
You hit the wraith.
Your weapon exudes an aura of protection.
The wraith is severely damaged.
The deep elf pyromancer gestures wildly while chanting.
The wraith hits you but does no damage. x2
You closely miss the wraith.
The wraith is severely damaged.
You feel yourself speed up.
The deep elf pyromancer gestures wildly while chanting.
The deep elf pyromancer blinks!
The wraith hits you! The wraith drains your vigour!
You feel yourself slow down. The wraith hits you but does no damage.
The wraith barely misses you.
You hit the wraith but do no damage.
Your weapon exudes an aura of protection.
You claw the wraith!
You destroy the wraith!
Trog accepts your kill.
Trog will now gift you melee weapons as you gain piety.
The deep elf pyromancer gestures wildly while chanting.
The deep elf pyromancer blinks!
The two-headed ogre hits you with a +0 giant club!!
The two-headed ogre closely misses you.
Your Maces & Flails skill gained 3 levels and is now at level 3!
You feel much better.
The two-headed ogre hits you with a +0 giant club!!
The two-headed ogre hits you with a +0 giant club!
You feel much better.
The two-headed ogre hits you with a +0 giant club!!
* * * LOW HITPOINT WARNING * * *
The two-headed ogre barely misses you.
You feel much better.
The deep elf pyromancer gestures wildly while chanting.
The deep elf pyromancer blinks!
The two-headed ogre hits you with a +0 giant club!
* * * LOW HITPOINT WARNING * * *
The two-headed ogre hits you with a +0 giant club!
You die... ▓▓▓▓▓▓▓▓▓▓▓▓▓▓▓▓▓▓▓▓▓▓▓▓ '.?)..[[..†)....@OOuDE.e ▓▓▓▓▓▓▓▓▓▓▓▓▓▓▓▓▓▓▓▓▓▓▓▓

You could see a seven-headed hydra, a purple ugly thing, 2 two-headed ogres, a deep elf pyromancer and a fire elemental (summoned).

Vanquished Creatures
  2 trolls (D)
  A wraith (D)
  2 yaks (D)
  An orc warrior (D)
  A black bear (D)
  2 necrophages (D)
  A hound (D)
  An orc wizard (D)
  An adder (D)
  A dart slug (D)
  2 hobgoblins (D)
  A ball python (D)
  A rat (D)
17 creatures vanquished.

Notes
Turn   | Place    | Note
-------+----------+-------------------------------------------
     0 | D        | Hubris850 the Troll Berserker began the quest for the Orb.
     0 | D        | Reached XP level 1. HP: 22/22 MP: 0/0
     9 | D        | Reached skill level 4 in Unarmed Combat
    17 | D        | Reached ** piety under Trog
    27 | D        | Noticed a necrophage
    27 | D        | Noticed a necrophage
    27 | D        | Noticed a hound
    27 | D        | Noticed a black bear
    31 | D        | Killed a necrophage
    32 | D        | Reached skill level 8 in Unarmed Combat
    32 | D        | Reached XP level 2. HP: 29/29 MP: 1/1
    32 | D        | Reached XP level 3. HP: 36/36 MP: 2/2
    34 | D        | Killed a necrophage
    34 | D        | Reached *** piety under Trog
    35 | D        | Reached skill level 10 in Unarmed Combat
    35 | D        | Reached XP level 4. HP: 44/44 MP: 3/3
    38 | D        | Reached XP level 5. HP: 50/50 MP: 4/4
    39 | D        | Killed a black bear
    40 | D        | Reached skill level 12 in Unarmed Combat
    45 | D        | Found a snail-covered altar of Cheibriados.
    45 | D        | Found a shadowy altar of Dithmenos.
    45 | D        | Found a white marble altar of Elyvilon.
    45 | D        | Found a blossoming altar of Fedhas.
    45 | D        | Found an opulent altar of Gozag.
    46 | D        | Found a hazy altar of Hepliaklqana.
    47 | D        | Found a viscous altar of Jiyva.
    48 | D        | Found an ancient bone altar of Kikubaaqudgha.
    49 | D        | Found a corrupted altar of Lugonu.
    50 | D        | Found a burning altar of Makhleb.
    51 | D        | Found a sparkling altar of Nemelex Xobeh.
    52 | D        | Found an iron altar of Okawaru.
    53 | D        | Found a stormy altar of Qazlal.
    54 | D        | Found a sacrificial altar of Ru.
    55 | D        | Found a shimmering blue altar of Sif Muna.
    56 | D        | Found a bloodstained altar of Trog.
    57 | D        | Found a hide-covered altar of Uskayaw.
    58 | D        | Found a radiant altar of Vehumet.
    59 | D        | Found an ornate altar of the Wu Jian Council.
    60 | D        | Found a shimmering altar of Xom.
    61 | D        | Found a basalt altar of Yredelemnul.
    62 | D        | Found a glowing silver altar of Zin.
    63 | D        | Found a glowing golden altar of the Shining One.
   102 | D        | Noticed a yak
   102 | D        | Noticed a troll
   102 | D        | Noticed a yak
   102 | D        | Noticed an orc warrior
   102 | D        | Noticed a troll
   105 | D        | Killed a yak
   106 | D        | Reached skill level 14 in Unarmed Combat
   106 | D        | Reached XP level 6. HP: 59/59 MP: 5/5
   107 | D        | Reached **** piety under Trog
   110 | D        | Killed a troll
   111 | D        | Reached skill level 15 in Unarmed Combat
   111 | D        | Reached XP level 7. HP: 66/66 MP: 6/6
   114 | D        | Killed a yak
   115 | D        | Reached skill level 16 in Unarmed Combat
   128 | D        | Killed a troll
   128 | D        | Reached ***** piety under Trog
   129 | D        | Reached XP level 8. HP: 79/79 MP: 7/7
   184 | D        | Noticed a two-headed ogre
   184 | D        | Noticed a two-headed ogre
   184 | D        | Noticed a purple ugly thing
   184 | D        | Noticed a deep elf pyromancer
   184 | D        | Noticed a seven-headed hydra
   195 | D        | Slain by a two-headed ogre

Illustrated notes

Levels and vault maps discovered:
D:        linesprint [early_d, line_temple, items_1, d_10, items_2, lair_1,
          lair_end, items_3, orc_1, orc_end, items_4, d_15, swamp_1, shoals_1,
          snake_1, spider_1, d_20, vaults_1, items_5, swamp_end, shoals_end,
          snake_end, spider_end, vaults_end, d_27, items_6, zot_1, zot_end,
          crypt_end, forest_end, elf_end, slime_end, tomb_end, abyss_end,
          pan_hell_end]

Skill      XL: |  1  2  3  4  5  6  7  8 |
---------------+-------------------------+-----
Unarmed Combat | 8 10 14 15 16 | 16.3
Fighting       | 4 |  4.6
Dodging        | 4 |  4.6
Maces & Flails | 3 |  3.5

Action                   |  1- 3 |  4- 6 |  7- 9 || total
-------------------------+-------+-------+-------++-------
Melee: Unarmed           |    22 |    11 |    21 ||    54
       Morningstar       |       |       |     4 ||     4
       Punch             |       |       |     2 ||     2
Invok: Berserk           |     1 |     1 |       ||     2
  Use: Potion            |       |       |     3 ||     3
Armor: Animal skin       |     4 |       |     5 ||     9
Dodge: Dodged            |     8 |     3 |     8 ||    19

Table legend: (Time is in decaauts)
 A = Elapsed time spent in this place.
 B = Non-inter-level travel time spent in this place.
 C = Inter-level travel time spent in this place.
 D = Time resting spent in this place.
 E = Time spent auto-exploring this place.
 F = Levels seen in this place.
 G = Mean time per level.
                   A        B        C        D        E       F      G
               +--------+--------+--------+--------+--------+-----+--------+
         Total |    207 |    207 |      0 |     64 |      0 |   1 |  207.0 |
       Dungeon |    207 |    207 |      0 |     64 |      0 |   1 |  207.0 |
               +--------+--------+--------+--------+--------+-----+--------+

Top non-repeatable levels by time:
       D: 207 daAuts
